 Dungeon Crawl Stone Soup version 0.28.0-45-g0d030f2227 (webtiles) character file.

Game seed: 8353943136789553607

7 Kaptain the Digger (level 2, 0/16 HPs)
             Began as a Gargoyle Earth Elementalist on Apr 14, 2022.
             Slain by a quokka (3 damage)
             ... on level 1 of the Dungeon.
             The game lasted 00:00:51 (177 turns).

Kaptain the Digger (Gargoyle Earth Elementalist)     Turns: 177, Time: 00:00:52

Health: 0/16       AC:  4    Str: 11    XL:     2   Next: 0%
Magic:  0/5        EV: 12    Int: 15    God:
Gold:   0          SH:  0    Dex: 10    Spells: 4/5 levels left

rFire   . . .      SeeInvis .   a - +0 spear
rCold   . . .      Faith    .   (no shield)
rNeg    + . .      Spirit   .   b - +0 robe
rPois   ∞          Reflect  .   (no helmet)
rElec   +          Harm     .   (no cloak)
rCorr   .          Rampage  .   (no gloves)
Will    .....                   (no boots)
Stlth   ++........              (no amulet)
HPRegen 0.05/turn               (no ring)
MPRegen 0.09/turn               (no ring)

@: no status effects
A: sickness immunity, AC +2, negative energy resistance 1, electricity
resistance, torment resistance 1, petrification resistance
a: no special abilities


You were on level 1 of the Dungeon.
You visited 1 branch of the dungeon, and saw 1 of its levels.

Inventory:

Hand Weapons
 a - a +0 spear (weapon)
Missiles
 c - 22 stones
Armour
 b - a +0 robe (worn)


   Skills:
 * Level 0.4 Fighting
 + Level 0.2 Armour
 + Level 1.6 Dodging
 - Level 2.1 Stealth
 * Level 2.1 Spellcasting
 * Level 0.4 Conjurations
 - Level 0.7 Transmutations
 * Level 3.7 Earth Magic


You had 4 spell levels left.
You knew the following spells:

 Your Spells              Type           Power      Damage    Failure   Level
a - Sandblast             Erth           24%        2d8       4%          1

Your spell library contained the following spells:

 Spells                   Type           Power      Damage    Failure   Level
 Passwall                 Tmut/Erth      6%         N/A       13%         2
 Stone Arrow              Conj/Erth      14%        3d7       28%         3
 Corpse Rot               Necr/Air       2%         N/A       32%         2
 Poisonous Vapours        Pois/Air       2%         N/A       32%         2
 Petrify                  Tmut/Erth      8%         N/A       65%         4


Dungeon Overview and Level Annotations

Branches:
Dungeon (1/15)

Altars:


Innate Abilities, Weirdness & Mutations

You are immune to sickness and miasma.
Your stone body is resilient. (AC +2)
You are immune to poison.
You resist negative energy. (rN+)
You are resistant to electric shocks. (rElec)
You are resistant to unholy torment.
You are immune to petrification.


Message History

The jackal closely misses you.
Unknown command.
You aren't carrying any potions.
Unknown command.
You closely miss the jackal. The jackal closely misses you.
Unknown command.
You hit the jackal but do no damage. The jackal closely misses you. x2
Unknown command.
You barely miss the jackal.
The jackal bites you but does no damage.
The jackal barely misses you.
The jackal bites you but does no damage.
You closely miss the jackal.
The jackal bites you but does no damage.
Casting: Sandblast (safe; 4% risk of failure)
Confirm with . or Enter, or press ? or * to list all spells.
Aiming: Sandblast (safe; 4% risk of failure)
Press: ? - help, Shift-Dir - straight line, f - jackal
Aim: a jackal (74% to hit)
The blast of sand hits the jackal!
You kill the jackal!
The jackal bites you.
* * * LOW HITPOINT WARNING * * *
You barely miss the jackal. The jackal barely misses you.
The jackal bites you but does no damage.
You hit the jackal.
The jackal is severely wounded.
The jackal misses you.
You hit the jackal.
You kill the jackal!
The quokka bites you but does no damage.
You have reached level 2!
You closely miss the quokka.
The quokka is moderately wounded.
The quokka bites you but does no damage.
You closely miss the quokka.
The quokka is moderately wounded.
The quokka bites you but does no damage.
The quokka bites you.
You die...

########### ..........#
############### ..........#
#.............#
..........######.###########.#
............r.....># #...#.#
...........l..l#.#.# #.#.#.#
.>.†......####.#.#.# #.#.#.#
.............#r#@#.# #.#.#.#
..........##.#h#r#.# #.#.#.#
..........##.#.#l#.#####.#.#.#
..........##.#...#.......#.#.#
############...............#.#
....................#.#
###.....###########.#.#
......................#
.........#..........###


You could see a quokka and a frilled lizard.

Vanquished Creatures
  An endoplasm (D:1)
  3 jackals (D:1)
  2 bats (D:1)
6 creatures vanquished.

Notes
Turn   | Place    | Note
-------+----------+-------------------------------------------
     0 | D:1      | Kaptain the Gargoyle Earth Elementalist began the quest for
                  | the Orb.
     0 | D:1      | Reached XP level 1. HP: 10/10 MP: 3/3
   176 | D:1      | Reached XP level 2. HP: 3/16 MP: 0/5
   177 | D:1      | Slain by a quokka

Illustrated notes

Levels and vault maps discovered:
D:1:      dpeg_arrival_subterranean_lakeside_camping, layout_basic

Action                   || total
-------------------------++-------
Melee: Spear             ||    11
 Cast: Sandblast         ||     8
Armor: Robe              ||    13
Dodge: Dodged            ||    14
